 Dungeon Crawl Stone Soup version 0.29.1-2-gbd0b4ee654 (webtiles) character file.

Game seed: 3220737901621854244

3434 nshep25 the Reanimator (level 9, -10/61 HPs)
             Began as a Demonspawn Necromancer on Nov 4, 2022.
             Was an Initiate of Ashenzari.
             Mangled by a two-headed ogre
             ... wielding a +0 giant spiked club
              (17 damage)
             ... on level 9 of the Dungeon.
             The game lasted 00:31:36 (9725 turns).

nshep25 the Reanimator (Demonspawn Necromancer)     Turns: 9725, Time: 00:31:39

Health: -10/61     AC:  7    Str:  9    XL:     9   Next: 77%
Magic:  4/21       EV: 17    Int: 20    God:    Ashenzari [......]
Gold:   461        SH:  0    Dex: 14    Spells: 17/24 levels left

rFire   . . .      SeeInvis .   t - +4 quarterstaff (chaos)
rCold   . . .      Faith    .   (shield currently unavailable)
rNeg    . . .      Spirit   .   m - +0 robe {Archmagi}
rPois   .          Reflect  .   u - +0 hat
rElec   .          Harm     .   p - +0 cloak
rCorr   .          Rampage  .   j - +0 pair of gloves "Prophetic Paranoia" {Alch, Range} (curse)
Will    +....      Archmagi +   (no boots)
Stlth   ++........              y - amulet of magic regeneration
HPRegen 0.20/turn               e - +4 ring of evasion
MPRegen 0.57/turn               C - ring of willpower

@: no status effects
A: horns 1, thin metallic scales 2, powered by death 1
a: Renounce Religion, Shatter the Chains


You were on level 9 of the Dungeon.
You worshipped Ashenzari.
Ashenzari was noncommittal.
You visited 2 branches of the dungeon, and saw 10 of its levels.

You collected 461 gold pieces.

Inventory:

Hand Weapons
 d - a +1 spear
 t - a +4 quarterstaff of chaos (weapon)
Armour
 j - the cursed +0 pair of gloves "Prophetic Paranoia" (worn) {Alch, Range}
   (You found it on level 1 of the Dungeon)

   It has a curse which improves the following skills: Alchemy: Poison Magic and
   Transmutations.
   Ranged Combat: Ranged Weapons and Throwing.
 m - a +0 robe of the Archmagi (worn)
 o - a +2 robe of resistance
 p - a +0 cloak (worn)
 u - a +0 hat (worn)
Magical Staves
 x - a staff of poison
Jewellery
 e - a +4 ring of evasion (left hand)
 y - an amulet of magic regeneration (around neck)
 C - a ring of willpower (right hand)
 D - a ring of see invisible
Wands
 n - a wand of iceblast (25)
 v - a wand of flame (5)
Scrolls
 a - a scroll of fear {unknown}
 c - 3 scrolls of teleportation
 f - 3 scrolls of enchant weapon
 g - a scroll of enchant armour {unknown}
 k - 2 scrolls of amnesia
 q - 5 scrolls of magic mapping {unknown}
 w - 4 scrolls of identify
 z - a scroll of immolation {unknown}
 A - 2 scrolls of poison {unknown}
Potions
 b - 2 potions of magic
 h - 3 potions of haste {unknown}
 i - 2 potions of flight {unknown}
 l - 3 potions of curing {unknown}
 r - a potion of brilliance {unknown}
 s - a potion of might {unknown}
 B - 2 potions of mutation {unknown}


   Skills:
 + Level 1.8 Fighting
 + Level 2.3(2.8) Polearms
 + Level 2.3(2.8) Staves
 + Level 0.1(0.2) Throwing
 + Level 1.4 Armour
 + Level 4.2 Dodging
 + Level 2.9 Stealth
 + Level 8.1 Spellcasting
 + Level 1.1 Hexes
 + Level 10.1 Necromancy


You had 17 spell levels left.
You knew the following spells:

 Your Spells              Type           Power      Damage    Failure   Level
a - Necrotise             Necr           100%       1d9       1%          1
b - Vampiric Draining     Necr           65%        2d10      1%          3
c - Tukima's Dance        Hex            19%        N/A       16%         3

Your spell library contained the following spells:

 Spells                   Type           Power      Damage    Failure   Level
 Animate Dead             Necr           65%        N/A       1%          4
 Agony                    Necr           65%        N/A       3%          5
 Dazzling Flash           Conj/Hex       30%        N/A       21%         3
 Portal Projectile        Hex/Tloc       30%        N/A       21%         3
 Gell's Gravitas          Tloc           12%        N/A       26%         3
 Lesser Beckoning         Tloc           12%        N/A       26%         3
 Teleport Other           Tloc           12%        N/A       26%         3
 Iskenderun's Mystic Bla  Conj/Tloc      12%        2d5       63%         4
 Blade Hands              Tmut           6%         N/A       93%         5
 Starburst                Conj/Fire      6%         6d4       100%        6


Dungeon Overview and Level Annotations

Branches:
Dungeon (9/15)             Temple (1/1) D:7
   Lair: D:8-11         Orc: D:9-12

Altars:
Ashenzari
Cheibriados
Dithmenos
Fedhas
Gozag
Hepliaklqana
Kikubaaqudgha
Makhleb
Nemelex Xobeh
Okawaru
Qazlal
Ru
Trog
Uskayaw
Vehumet
Wu Jian
Xom
Yredelemnul

Shops:
D:4 =[=

Annotations:
D:6 1 runed translucent door, styxcanada's ghost, novice SpBr


Innate Abilities, Weirdness & Mutations

You have a pair of small horns on your head.
You are mostly covered in thin metallic scales. (AC +3)
You regenerate a little health from kills.


Message History

Casting: Vampiric Draining (safe; 1% risk of failure)
Confirm with . or Enter, or press ? or * to list all spells.
Aiming: Vampiric Draining (safe; 1% risk of failure)
Press: ? - help, Shift-Dir - straight line, f/p - two-headed ogre
Aim: a two-headed ogre, wielding two +0 giant spiked clubs (moderately wounded)
You feel a surge of power!
You draw life force from the two-headed ogre!
You feel life coursing into your body.
The two-headed ogre hits you with a +0 giant spiked club!!
The two-headed ogre hits you with a +0 giant spiked club!
Casting: Vampiric Draining (safe; 1% risk of failure)
Confirm with . or Enter, or press ? or * to list all spells.
Aiming: Vampiric Draining (safe; 1% risk of failure)
Press: ? - help, Shift-Dir - straight line, f/p - two-headed ogre
Aim: a two-headed ogre, wielding two +0 giant spiked clubs (heavily wounded)
You feel a surge of power!
You draw life force from the two-headed ogre!
You feel life coursing into your body.
Casting: Vampiric Draining (safe; 1% risk of failure)
Confirm with . or Enter, or press ? or * to list all spells.
Aiming: Vampiric Draining (safe; 1% risk of failure)
Press: ? - help, Shift-Dir - straight line, f/p - two-headed ogre
Aim: a two-headed ogre, wielding two +0 giant spiked clubs (severely wounded)
You feel a surge of power!
You draw life force from the two-headed ogre!
You feel life coursing into your body.
The two-headed ogre hits you with a +0 giant spiked club!!!
Ouch! That really hurt!
* * * LOW HITPOINT WARNING * * *
The two-headed ogre closely misses you.
Casting: Vampiric Draining (safe; 1% risk of failure)
Confirm with . or Enter, or press ? or * to list all spells.
Aiming: Vampiric Draining (safe; 1% risk of failure)
Press: ? - help, Shift-Dir - straight line, f/p - two-headed ogre
Aim: a two-headed ogre, wielding two +0 giant spiked clubs (almost dead)
You feel a surge of power!
You draw life force from the two-headed ogre!
You feel life coursing into your body.
The two-headed ogre hits you with a +0 giant spiked club!
You die...

###.#. .....
.... ... #
##..####.###
#..........#
#..O.......#
#...@......#
#..).:......
#...........
#...........
.....#######.
######


You could see a two-headed ogre.

Vanquished Creatures
  A hornet (D:5)
  Grinder (D:6)
  3 yaks (D:8)
  Eustachio (D:6)
  2 water moccasins
  An orc warrior (D:8)
  2 ice beasts
  2 black bears
  A centaur (D:8)
  An ogre (D:5)
  2 phantoms
  A bullfrog (D:6)
  A gnoll sergeant (D:6)
  3 scorpions
  5 wights (D:8)
  2 electric eels (D:8)
  A howler monkey (D:5)
  3 jellies
  A hound (D:4)
  An orc priest (D:8)
  Crazy Yiuf (D:6)
  Jessica (D:2)
  3 iguanas
  7 orc wizards
  9 adders
  10 gnolls
  A shadow imp (D:6)
  3 ufetubi
  2 worms
  3 dart slugs
  18 orcs
  4 bats
  11 endoplasms
  2 giant cockroaches (D:1)
  5 goblins
  7 hobgoblins
  4 kobolds
  9 quokkas
  4 ball pythons
  3 frilled lizards
  7 rats
149 creatures vanquished.

Vanquished Creatures (collateral kills)
  An iguana (D:5)
  An orc wizard (D:4)
  An adder (D:5)
  An endoplasm (D:1)
  A goblin (D:2)
  A hobgoblin (D:1)
  A ball python (D:2)
7 creatures vanquished.

Vanquished Creatures (others)
  A dancing weapon (D:8)
  A plant (D:1)
  3 withered plants (D:1)
5 creatures vanquished.

Grand Total: 161 creatures vanquished

Notes
Turn   | Place    | Note
-------+----------+-------------------------------------------
     0 | D:1      | nshep25 the Demonspawn Necromancer began the quest for the
                  | Orb.
     0 | D:1      | Reached XP level 1. HP: 13/13 MP: 3/3
   223 | D:1      | Gained mutation: You have a pair of small horns on your
                  | head. [demonic ancestry]
   223 | D:1      | Reached XP level 2. HP: 15/19 MP: 1/5
   375 | D:1      | Reached skill level 5 in Necromancy
   686 | D:1      | Found a faded altar of an unknown god.
   747 | D:1      | Reached XP level 3. HP: 24/24 MP: 2/6
  1642 | D:2      | Noticed Jessica
  1657 | D:2      | Killed Jessica
  1658 | D:2      | Reached skill level 1 in Armour
  1658 | D:2      | Gained mutation: You are partially covered in thin metallic
                  | scales. (AC +2) [demonic ancestry]
  1658 | D:2      | Reached XP level 4. HP: 30/30 MP: 0/8
  2735 | D:3      | Learned a level 3 spell: Vampiric Draining
  3057 | D:3      | Gained mutation: You regenerate a little health from kills.
                  | [demonic ancestry]
  3057 | D:3      | Reached XP level 5. HP: 29/35 MP: 2/9
  3375 | D:4      | Found Udywias's Jewellery Shop.
  3469 | D:4      | Reached skill level 1 in Polearms
  3572 | D:4      | Identified the +2 leather armour of the Trees {*Slow Int+7}
  3590 | D:4      | Found Fox Meru's Armour Emporium.
  3598 | D:4      | Reached skill level 6 in Necromancy
  3700 | D:4      | Reached XP level 6. HP: 41/41 MP: 5/11
  3801 | D:4      | Learned a level 3 spell: Tukima's Dance
  3862 | D:4      | Found Tunwimu's Jewellery Emporium.
  4388 | D:5      | Entered Level 5 of the Dungeon
  4759 | D:5      | Reached XP level 7. HP: 45/47 MP: 0/13
  4980 | D:5      | Reached skill level 7 in Necromancy
  5088 | D:5      | Reached skill level 5 in Spellcasting
  5285 | D:5      | Found a sparkling altar of Nemelex Xobeh.
  5357 | D:5      | Noticed a hornet
  5364 | D:5      | Killed a hornet
  5695 | D:5      | Found a shadowy altar of Dithmenos.
  5811 | D:6      | Found a snail-covered altar of Cheibriados.
  5849 | D:6      | Gained mutation: You are mostly covered in thin metallic
                  | scales. (AC +3) [demonic ancestry]
  5849 | D:6      | Reached XP level 8. HP: 53/53 MP: 10/16
  5920 | D:6      | Reached skill level 8 in Necromancy
  6228 | D:6      | Found a runed translucent door.
  6229 | D:6      | Noticed Crazy Yiuf
  6234 | D:6      | Killed Crazy Yiuf
  6390 | D:6      | Noticed Eustachio
  6417 | D:6      | Killed Eustachio
  6418 | D:6      | Reached skill level 1 in Fighting
  6926 | D:6      | Found a runed translucent door.
  6926 | D:6      | Noticed styxcanada's ghost (novice SpBr)
  6969 | D:6      | Reached skill level 1 in Staves
  7068 | D:6      | Noticed Grinder
  7185 | D:6      | Found an ornate altar of the Wu Jian Council.
  7202 | D:6      | Killed Grinder
  7602 | D:7      | Reached skill level 9 in Necromancy
  7602 | D:7      | Reached XP level 9. HP: 59/59 MP: 13/19
  7618 | D:7      | Found a broken altar of Ashenzari.
  7925 | D:7      | Found a staircase to the Ecumenical Temple.
  7937 | Temple   | Entered the Ecumenical Temple
  8196 | D:7      | Became a worshipper of Ashenzari the Shackled
  8862 | D:8      | Reached skill level 1 in Hexes
  9350 | D:8      | Reached skill level 10 in Necromancy
  9658 | D:9      | Noticed a two-headed ogre
  9725 | D:9      | Mangled by a two-headed ogre

Illustrated notes

Levels and vault maps discovered:
D:1:      dpeg_arrival_round_b, layout_basic,
          shapermc_ecumenical_altar_flowoftime, minmay_ruptured
D:2:      layout_loops_ring, chequers_serial_rivers_room_b, uniq_jessica
D:3:      layout_rooms
D:4:      layout_gridville, serial_shops, shop, nicolae_diamond_shop,
          nicolae_square_shop, minmay_misc_feat_chi
D:5:      layout_rooms, nicolae_overflow_crystal_walls, marbit_many_paths
D:6:      layout_basic, mainiacjoe_overflow_concentric_impassable,
          mainiacjoe_overflow_brackets, hellmonk_ghost_happy_afterlife,
          grunt_ministairs_8, hangedman_abyss_or_decor_stagger, uniq_grinder,
          uniq_crazy_yiuf_cottage, uniq_eustachio
D:7:      layout_gridville, ashenzari_conservatory_becter,
          minmay_temple_entry_tees
D:8:      layout_basic, kennysheep_minor_cross
D:9:      layout_rooms, lemuel_blue_sif_altar
Temple:   nicolae_temple_slightly_damp_pantheon

Skill      XL: |  1  2  3  4  5  6  7  8  9 |
---------------+----------------------------+-----
Necromancy     | 5 6 7 9 10 | 10.1
Armour         | 1 |  1.4
Spellcasting   | 3 4 5 7 8 |  8.1
Dodging        | 2 3 4 |  4.2
Polearms       | 1 2 |  2.3
Stealth        | 2 |  2.9
Fighting       | 1 |  1.8
Staves         | 1 2 |  2.3
Hexes          | 1 |  1.1
Throwing       | |  0.1

Action                   |  1- 3 |  4- 6 |  7- 9 || total
-------------------------+-------+-------+-------++-------
Melee: Spear             |    23 |    64 |    52 ||   139
       Headbutt          |     8 |     8 |    21 ||    37
       Quarterstaff      |       |       |    92 ||    92
       Punch             |       |       |     1 ||     1
Throw: Boomerang         |       |       |     4 ||     4
 Cast: Necrotise         |    58 |    91 |    74 ||   223
       Vampiric Draining |       |    13 |    64 ||    77
       Tukima's Dance    |       |       |    15 ||    15
Invok: Curse Item        |       |       |     1 ||     1
  Use: Scroll            |       |    12 |       ||    12
       Potion            |       |       |     1 ||     1
 Stab: Sleeping          |       |       |     1 ||     1
       Petrifying        |       |       |     1 ||     1
Armor: Robe              |     2 |    35 |    57 ||    94
       Leather armour    |     2 |       |       ||     2
Dodge: Dodged            |    13 |    70 |   200 ||   283
